Thunder vs Remparts
Created - January 30, 2019 at 19:01
Goals
|
| Thunder |
1 |
0 |
1 |
2 |
| Remparts |
2 |
4 |
2 |
8 |
|
Shots
|
| Thunder |
15 |
7 |
8 |
30 |
| Remparts |
12 |
14 |
10 |
36 |
|
1st period
1. Remparts , Nail Yakupov 11 (Brandon Mashinter 22) at 0:59
2. Remparts , Daniel Paille 27 (Griffin Reinhart 12, Guillaume Desbiens 28) at 8:37
3. Thunder , Trevor Lewis 17 (Scott Parse 47) at 12:56 (PP)
Penalties :
Trevor Lewis (TRO) for Hooking (Minor) at 1:26, Daniel Paille (Que) for High sticking (Minor) at 12:43
2nd period
4. Remparts , Nail Yakupov 12 (Erik Gustafsson 23) at 4:34
5. Remparts , Ryan Strome 19 (Niklas Hansson 11, Cédric Lalonde-McNicoll 17) at 6:32
6. Remparts , Michal Jordan 5 (Griffin Reinhart 13) at 15:05
7. Remparts , Justin Williams 11 (Chris Mueller 6) at 17:51
Penalties :
Jake Muzzin (TRO) for Hooking (Minor) at 0:22, Jake Muzzin (TRO) for High sticking (Minor) at 15:10, Roberts Lipsbergs (Que) for Tripping (Minor) at 19:31
3rd period
8. Remparts , Ryan Strome 20 (Cédric Lalonde-McNicoll 18, Erik Gustafsson 24) at 2:00
9. Remparts , Justin Williams 12 (Chris Mueller 7, Juuso Ikonen 5) at 3:14
10. Thunder , Trevor Lewis 18 (Scott Parse 48) at 4:17 (PP)
Penalties :
Michal Jordan (Que) for Tripping (Minor) at 4:10, Niklas Hansson (Que) for Holding (Minor) at 17:30
Goalie Stats
Devan Dubnyk (TRO), 23 saves from 27 shots - (0.852), L, 17-14-2, 43:18 minutes
Niklas Treutle (TRO), 5 saves from 9 shots - (0.556), 16:42 minutes
Tyler Plante (Que), 28 saves from 30 shots - (0.933), W, 9-4-2, 60:00 minutes
Players Stats for Thunder
Player Name G A P +/- PIM S H SB GA TA FO MP PP MP PK MP
------------------------------------------------------------------------------------
Adam Clendening 0 0 0 -3 0 1 1 0 0 1 0/0 20:17 2:14 2:22
Austin Wuthrich 0 0 0 -2 0 0 1 1 0 0 0/1 13:20 0:00 0:00
Dany Roussin 0 0 0 -3 0 2 2 1 0 0 1/1 21:56 2:14 3:21
David Wolf 0 0 0 -2 0 4 2 0 0 1 0/1 15:59 0:00 2:16
Duncan Siemens 0 0 0 -2 0 0 0 2 0 0 0/0 11:13 0:00 0:00
Gianluca Curcuruto 0 0 0 0 0 0 0 0 0 0 0/0 4:46 0:00 0:00
Jake Muzzin 0 0 0 -3 4 1 2 1 1 0 0/0 21:21 2:04 1:14
Jamie McGinn 0 0 0 -1 0 0 0 0 0 0 0/0 3:31 0:00 0:00
Jared Staal 0 0 0 -3 0 1 2 0 0 0 0/1 19:59 2:04 0:00
Joe Labate 0 0 0 -2 0 2 1 0 0 0 7/10 17:19 2:14 0:00
Joey Ryan 0 0 0 -3 0 3 0 3 1 2 0/0 27:48 2:04 3:35
Mikko Vainonen 0 0 0 -2 0 1 0 0 0 1 0/0 13:37 0:00 2:21
Nikolay Prokhorkin 0 0 0 -1 0 0 0 0 0 0 1/1 3:28 0:00 0:20
Peter Andersson 0 0 0 -3 0 1 3 0 1 0 0/0 20:59 2:14 2:22
Scott Parse 0 2 2 -3 0 4 2 1 1 0 5/6 24:44 2:04 3:21
Thomas Spelling 0 0 0 -2 0 6 1 0 0 0 0/0 17:19 2:14 0:00
Trevor Lewis 2 0 2 -3 2 4 2 0 1 0 16/33 21:28 2:04 0:58
Zach Stepan 0 0 0 -2 0 0 0 0 1 0 4/10 14:56 0:00 1:38
Players Stats for Remparts
Player Name G A P +/- PIM S H SB GA TA FO MP PP MP PK MP
------------------------------------------------------------------------------------
Brandon Gormley 0 0 0 0 0 3 0 5 0 0 0/0 26:38 3:43 2:27
Brandon Mashinter 0 1 1 2 0 0 2 0 1 0 1/5 12:05 0:00 0:49
Cédric Lalonde-McNicoll 0 2 2 3 0 4 3 0 0 1 7/9 17:47 2:37 0:57
Chris Mueller 0 2 2 2 0 2 3 1 0 0 2/6 8:05 0:00 0:00
Daniel Paille 1 0 1 2 2 5 3 1 1 0 0/0 18:59 2:37 2:32
Erik Gustafsson 0 2 2 1 0 0 1 1 0 1 0/0 26:00 3:43 1:19
Griffin Reinhart 0 2 2 5 0 2 2 0 0 0 0/0 19:03 2:14 1:04
Guillaume Desbiens 0 1 1 1 0 3 4 0 1 2 0/2 19:20 3:17 0:00
Justin Williams 2 0 2 2 0 3 1 0 0 0 0/0 8:08 0:03 0:00
Juuso Ikonen 0 1 1 2 0 1 1 0 0 0 0/0 8:44 0:03 0:36
Max Reinhart 0 0 0 1 0 1 1 0 1 0 20/42 22:13 3:17 2:45
Michal Jordan 1 0 1 6 2 3 2 0 0 0 0/0 20:13 2:14 1:53
Nail Yakupov 2 0 2 2 0 3 1 0 0 0 0/0 11:19 0:03 0:00
Niklas Hansson 0 1 1 2 2 1 1 0 0 0 0/0 14:30 0:00 1:21
Pontus Aberg 0 0 0 1 0 1 1 0 0 1 0/0 19:20 3:17 0:00
Roberts Lipsbergs 0 0 0 3 2 0 0 0 0 0 0/0 11:45 0:00 0:00
Ryan Strome 2 0 2 3 0 4 0 0 1 0 0/0 17:47 2:37 0:57
Viktor Baldayev 0 0 0 2 0 0 0 0 0 1 0/0 13:42 0:00 0:32
3 Stars
1 - Ryan Strome (Que)
2 - Nail Yakupov (Que)
3 - Justin Williams (Que)
Power Play
Thunder - 2 on 4 Attempt(s) - 50.00%
Remparts - 0 on 3 Attempt(s) - 0.00%
Penalty Kill
Thunder - 3 on 3 Attempt(s) - 100.00%
- Score 0 goal in Penalty Kill
Remparts - 2 on 4 Attempt(s) - 50.00%
- Score 0 goal in Penalty Kill
Team Stat
Thunder - Hits : 19 - Faceoff Wins : 34 - Blocked Shots : 9 - Penalty Minutes : 6
Remparts - Hits : 26 - Faceoff Wins : 30 - Blocked Shots : 8 - Penalty Minutes : 8
Official
Referees : Unknown
Linesman : Unknown
Game Notes
Niklas Treutle enters game at 6:32 of 2nd period
Devan Dubnyk enters game at 3:14 of 3rd period
Finance
Level 1 -- Attendance: 1583 (79.15%) -- Ticket Income $47,490
Level 2 -- Attendance: 813 (81.30%) -- Ticket Income $16,260
Total Attendance: 2396 (79.87%)
Total Ticket Income: $63,750
Other Income: $3,188
Total Income: $66,938
Thunder
5 vs 5 Forward
Center Left Wing Right Wing Time % Phy DF OF
1 Trevor Lewis Scott Parse Jared Staal 40 1 2 2
2 Joe Labate Dany Roussin Thomas Spelling 30 1 2 2
3 Zach Stepan David Wolf Austin Wuthrich 20 1 2 2
4 Scott Parse Jamie McGinn Dany Roussin 10 1 2 2
5 vs 5 Defense
Defense Defense Time % Phy DF OF
1 Joey Ryan Jake Muzzin 40 1 2 2
2 Peter Andersson Adam Clendening 30 1 2 2
3 Duncan Siemens Mikko Vainonen 20 1 2 2
4 Gianluca Curcuruto Joey Ryan 10 1 2 2
PowerPlay Forward
Center Left Wing Right Wing Time % Phy DF OF
1 Trevor Lewis Scott Parse Jared Staal 60 1 2 2
2 Joe Labate Dany Roussin Thomas Spelling 40 1 2 2
PowerPlay Defense
Defense Defense Time % Phy DF OF
1 Joey Ryan Jake Muzzin 60 1 2 2
2 Peter Andersson Adam Clendening 40 1 2 2
Penalty Kill 4 Players Forward
Center Wing Time % Phy DF OF
1 Scott Parse Dany Roussin 60 1 2 2
2 Trevor Lewis David Wolf 40 1 2 2
Penalty Kill 4 Players Defense
Defense Defense Time % Phy DF OF
1 Joey Ryan Jake Muzzin 60 1 2 2
2 Peter Andersson Adam Clendening 40 1 2 2
Penalty Kill - 3 Players Forward
Forward Time % Phy DF OF
1 Scott Parse 60 1 2 2
2 Dany Roussin 40 1 2 2
Penalty Kill - 3 Players Defense
Defense Defense Time % Phy DF OF
1 Joey Ryan Jake Muzzin 60 1 2 2
2 Peter Andersson Adam Clendening 40 1 2 2
4 vs 4 Forward
Center Wing Time % Phy DF OF
1 Scott Parse Dany Roussin 60 1 2 2
2 Trevor Lewis David Wolf 40 1 2 2
4 vs 4 Defense
Defense Defense Time % Phy DF OF
1 Joey Ryan Jake Muzzin 60 1 2 2
2 Peter Andersson Adam Clendening 40 1 2 2
Last Minutes Offensive
Center Left Wing Right Wing Defense Defense
Trevor Lewis Scott Parse Jared Staal Joey Ryan Jake Muzzin
Last Minutes Defensive
Center Left Wing Right Wing Defense Defense
Trevor Lewis Scott Parse Jared Staal Joey Ryan Jake Muzzin
Goaltenders
Starting : Devan Dubnyk
Backup : Niklas Treutle
Extra Forwards
Normal : Nikolay Prokhorkin, Jamie McGinn, Zach Stepan - PP : Nikolay Prokhorkin, Jamie McGinn - PK : Zach Stepan
Extra Defensemen
Normal : Duncan Siemens, Mikko Vainonen, Gianluca Curcuruto - PP : Duncan Siemens - PK : Mikko Vainonen, Gianluca Curcuruto
Penalty Shots
Scott Parse, Dany Roussin, Trevor Lewis, David Wolf, Jamie McGinn
Scratches
Ryan Nugent-Hopkins (Left Wrist Injury)
Remparts
5 vs 5 Forward
Center Left Wing Right Wing Time % Phy DF OF
1 Max Reinhart Pontus Aberg Guillaume Desbiens 40 1 2 2
2 Cédric Lalonde-McNicoll Daniel Paille Ryan Strome 30 1 2 2
3 Brandon Mashinter Roberts Lipsbergs Nail Yakupov 20 1 2 2
4 Chris Mueller Juuso Ikonen Justin Williams 10 1 2 2
5 vs 5 Defense
Defense Defense Time % Phy DF OF
1 Brandon Gormley Erik Gustafsson 40 1 2 2
2 Griffin Reinhart Michal Jordan 30 1 2 2
3 Viktor Baldayev Niklas Hansson 20 1 2 2
4 Brandon Gormley Erik Gustafsson 10 1 2 2
PowerPlay Forward
Center Left Wing Right Wing Time % Phy DF OF
1 Max Reinhart Pontus Aberg Guillaume Desbiens 60 1 2 2
2 Cédric Lalonde-McNicoll Daniel Paille Ryan Strome 40 1 2 2
PowerPlay Defense
Defense Defense Time % Phy DF OF
1 Brandon Gormley Erik Gustafsson 60 1 2 2
2 Michal Jordan Griffin Reinhart 40 1 2 2
Penalty Kill 4 Players Forward
Center Wing Time % Phy DF OF
1 Max Reinhart Daniel Paille 60 1 2 2
2 Cédric Lalonde-McNicoll Ryan Strome 40 1 2 2
Penalty Kill 4 Players Defense
Defense Defense Time % Phy DF OF
1 Brandon Gormley Niklas Hansson 60 1 2 2
2 Erik Gustafsson Michal Jordan 40 1 2 2
Penalty Kill - 3 Players Forward
Forward Time % Phy DF OF
1 Max Reinhart 60 1 2 2
2 Cédric Lalonde-McNicoll 40 1 2 2
Penalty Kill - 3 Players Defense
Defense Defense Time % Phy DF OF
1 Brandon Gormley Niklas Hansson 60 1 2 2
2 Erik Gustafsson Michal Jordan 40 1 2 2
4 vs 4 Forward
Center Wing Time % Phy DF OF
1 Max Reinhart Pontus Aberg 60 1 2 2
2 Cédric Lalonde-McNicoll Ryan Strome 40 1 2 2
4 vs 4 Defense
Defense Defense Time % Phy DF OF
1 Brandon Gormley Erik Gustafsson 60 1 2 2
2 Michal Jordan Griffin Reinhart 40 1 2 2
Last Minutes Offensive
Center Left Wing Right Wing Defense Defense
Max Reinhart Pontus Aberg Guillaume Desbiens Brandon Gormley Erik Gustafsson
Last Minutes Defensive
Center Left Wing Right Wing Defense Defense
Max Reinhart Daniel Paille Ryan Strome Brandon Gormley Niklas Hansson
Goaltenders
Starting : Tyler Plante
Backup : Jason Missiaen
Extra Forwards
Normal : Ryan Strome, Nail Yakupov, Max Reinhart - PP : Ryan Strome, Nail Yakupov - PK : Brandon Mashinter
Extra Defensemen
Normal : Griffin Reinhart, Brandon Gormley, Michal Jordan - PP : Griffin Reinhart - PK : Griffin Reinhart, Michal Jordan
Penalty Shots
Daniel Paille, Ryan Strome, Max Reinhart, Brandon Mashinter, Pontus Aberg
Scratches
Michael Downing (Healthy), Keaton Thompson (Healthy), Kyle Platzer (Healthy), Connor Honey (Healthy), Anton Zlobin (Healthy)
Mitchell Heard (Healthy), Tim Bozon (Healthy), Igor Bobkov (Healthy), François Brassard (Healthy)
% Time on Ice - Thunder
Lines # - Real PCT - Wanted PCT - Time Play
Normal Forward
1 - 36% - 40% - 17:55
2 - 32% - 30% - 15:49
3 - 27% - 20% - 13:20
4 - 5% - 10% - 2:41
Normal Defense
1 - 36% - 40% - 18:05
2 - 32% - 30% - 15:41
3 - 23% - 20% - 11:13
4 - 10% - 10% - 4:46
PP Forward
1 - 48% - 60% - 2:04
2 - 52% - 40% - 2:14
PP Defense
1 - 48% - 60% - 2:04
2 - 52% - 40% - 2:14
PK Forward
1 - 68% - 60% - 4:02
2 - 32% - 40% - 1:55
PK Defense
1 - 60% - 60% - 3:35
2 - 40% - 40% - 2:22
PK3 Forward
1 - 0% - 60%
2 - 0% - 40%
PK3 Defense
1 - 0% - 60%
2 - 0% - 40%
44 Forward
1 - 0% - 60%
2 - 0% - 40%
44 Defense
1 - 0% - 60%
2 - 0% - 40%
Last Minute Offensive - 0:00
Last Minute Defensive - 0:00
Total
Forward - 60:00
Defense - 60:00
|
% Time on Ice - Remparts
Lines # - Real PCT - Wanted PCT - Time Play
Normal Forward
1 - 33% - 40% - 16:11
2 - 29% - 30% - 14:13
3 - 23% - 20% - 11:16
4 - 16% - 10% - 8:05
Normal Defense
1 - 37% - 40% - 18:29
2 - 32% - 30% - 16:07
3 - 26% - 20% - 13:02
4 - 4% - 10% - 2:07
PP Forward
1 - 55% - 60% - 3:17
2 - 45% - 40% - 2:40
PP Defense
1 - 62% - 60% - 3:43
2 - 38% - 40% - 2:14
PK Forward
1 - 78% - 60% - 3:21
2 - 22% - 40% - 0:57
PK Defense
1 - 69% - 60% - 2:59
2 - 31% - 40% - 1:19
PK3 Forward
1 - 0% - 60%
2 - 0% - 40%
PK3 Defense
1 - 0% - 60%
2 - 0% - 40%
44 Forward
1 - 0% - 60%
2 - 0% - 40%
44 Defense
1 - 0% - 60%
2 - 0% - 40%
Last Minute Offensive - 0:00
Last Minute Defensive - 0:00
Total
Forward - 60:00
Defense - 60:00
|
Play-by-Play
1st period
0:01 of 1st period - Max Reinhart wins face-off versus Trevor Lewis in neutral zone.
0:10 of 1st period - Snap shot by Trevor Lewis.
0:10 of 1st period - Shot Blocked by Brandon Gormley.
0:12 of 1st period - Slapshot by Jake Muzzin.
0:12 of 1st period - Stopped by Tyler Plante with a rebound.
0:29 of 1st period - Icing by Erik Gustafsson.
0:30 of 1st period - Joe Labate wins face-off versus Cédric Lalonde-McNicoll in Remparts zone.
0:41 of 1st period - Slapshot by Thomas Spelling.
0:41 of 1st period - Stopped by Tyler Plante with a rebound.
0:43 of 1st period - Backhand shot by Adam Clendening.
0:43 of 1st period - Deflect By Thomas Spelling.
0:43 of 1st period - Shot Blocked by Erik Gustafsson.
0:43 of 1st period - Puck is out of play.
0:44 of 1st period - Brandon Mashinter wins face-off versus David Wolf in Remparts zone.
0:59 of 1st period - Snap shot by Nail Yakupov.
0:59 of 1st period - Goal by Nail Yakupov - Thunder : 0 - Remparts : 1.
1:00 of 1st period - Scott Parse wins face-off versus Chris Mueller in neutral zone.
1:13 of 1st period - Snap shot by Chris Mueller.
1:13 of 1st period - Stopped by Devan Dubnyk without a rebound.
1:14 of 1st period - Max Reinhart wins face-off versus Trevor Lewis in Thunder zone.
1:19 of 1st period - Snap shot by Guillaume Desbiens.
1:19 of 1st period - Stopped by Devan Dubnyk with a rebound.
1:26 of 1st period - Minor Penalty to Trevor Lewis for Hooking.
1:27 of 1st period - Dany Roussin wins face-off versus Max Reinhart in Thunder zone.
1:37 of 1st period - Slapshot by Pontus Aberg.
1:37 of 1st period - Shot Blocked by Dany Roussin.
3:26 of 1st period - Penalty to Trevor Lewis is over, Trevor Lewis is back on ice.
3:48 of 1st period - Snap shot by Trevor Lewis.
3:48 of 1st period - Shot Blocked by Chris Mueller.
5:42 of 1st period - David Wolf is hit by Niklas Hansson and loses puck.
7:08 of 1st period - Icing by Guillaume Desbiens.
7:09 of 1st period - Joe Labate wins face-off versus Max Reinhart in Remparts zone.
7:33 of 1st period - Erik Gustafsson is hit by David Wolf and loses puck.
7:54 of 1st period - Duncan Siemens is hit by Justin Williams and loses puck.
8:19 of 1st period - Adam Clendening is hit by Griffin Reinhart.
8:26 of 1st period - Icing by Michal Jordan.
8:27 of 1st period - Max Reinhart wins face-off versus Trevor Lewis in Remparts zone.
8:27 of 1st period - Max Reinhart is hit by Jared Staal.
8:33 of 1st period - Snap shot by Daniel Paille.
8:33 of 1st period - Stopped by Devan Dubnyk with a rebound.
8:35 of 1st period - Slapshot by Griffin Reinhart.
8:35 of 1st period - Stopped by Devan Dubnyk with a rebound.
8:37 of 1st period - Wrist shot by Daniel Paille.
8:37 of 1st period - Goal by Daniel Paille - Thunder : 0 - Remparts : 2.
8:38 of 1st period - Max Reinhart wins face-off versus Trevor Lewis in neutral zone.
8:50 of 1st period - Icing by Scott Parse.
8:51 of 1st period - Trevor Lewis wins face-off versus Max Reinhart in Thunder zone.
9:00 of 1st period - Backhand shot by Trevor Lewis.
9:00 of 1st period - Deflect By Scott Parse.
9:00 of 1st period - Stopped by Tyler Plante with a rebound.
9:24 of 1st period - Backhand shot by Guillaume Desbiens.
9:24 of 1st period - Stopped by Devan Dubnyk without a rebound.
9:25 of 1st period - Zach Stepan wins face-off versus Cédric Lalonde-McNicoll in Thunder zone.
9:32 of 1st period - Wrist shot by David Wolf.
9:32 of 1st period - Shot Misses the Net.
9:34 of 1st period - Slapshot by David Wolf.
9:34 of 1st period - Stopped by Tyler Plante without a rebound.
9:35 of 1st period - Cédric Lalonde-McNicoll wins face-off versus Austin Wuthrich in Remparts zone.
9:40 of 1st period - Snap shot by David Wolf.
9:40 of 1st period - Shot Misses the Net.
9:42 of 1st period - Wrist shot by Zach Stepan.
9:42 of 1st period - Deflect By David Wolf.
9:42 of 1st period - Shot Misses the Net.
9:42 of 1st period - Puck is out of play.
9:43 of 1st period - Trevor Lewis wins face-off versus Max Reinhart in Remparts zone.
9:44 of 1st period - Wrist shot by Scott Parse.
9:44 of 1st period - Stopped by Tyler Plante with a rebound.
9:46 of 1st period - Slapshot by Joey Ryan.
9:46 of 1st period - Deflect By Scott Parse.
9:46 of 1st period - Shot Misses the Net.
9:46 of 1st period - Puck is out of play.
9:47 of 1st period - Trevor Lewis wins face-off versus Max Reinhart in Remparts zone.
9:50 of 1st period - Wrist shot by Trevor Lewis.
9:50 of 1st period - Stopped by Tyler Plante without a rebound.
9:51 of 1st period - Trevor Lewis wins face-off versus Max Reinhart in Remparts zone.
9:54 of 1st period - Snap shot by Scott Parse.
9:54 of 1st period - Stopped by Tyler Plante with a rebound.
9:56 of 1st period - Snap shot by Scott Parse.
9:56 of 1st period - Shot Blocked by Brandon Gormley.
9:58 of 1st period - Slapshot by Joey Ryan.
9:58 of 1st period - Stopped by Tyler Plante with a rebound.
10:07 of 1st period - Off-side.
10:08 of 1st period - Cédric Lalonde-McNicoll wins face-off versus Joe Labate in neutral zone.
10:11 of 1st period - Wrist shot by Daniel Paille.
10:11 of 1st period - Stopped by Devan Dubnyk with a rebound.
10:33 of 1st period - Pontus Aberg is hit by Peter Andersson and loses puck.
10:39 of 1st period - Off-side.
10:40 of 1st period - Trevor Lewis wins face-off versus Guillaume Desbiens in neutral zone.
11:10 of 1st period - Jake Muzzin is hit by Daniel Paille and loses puck.
11:25 of 1st period - Slapshot by Thomas Spelling.
11:25 of 1st period - Stopped by Tyler Plante with a rebound.
12:05 of 1st period - Backhand shot by Thomas Spelling.
12:05 of 1st period - Shot Misses the Net.
12:07 of 1st period - Wrist shot by Dany Roussin.
12:07 of 1st period - Stopped by Tyler Plante with a rebound.
12:15 of 1st period - Snap shot by Joe Labate.
12:15 of 1st period - Shot Misses the Net.
12:17 of 1st period - Snap shot by Dany Roussin.
12:17 of 1st period - Shot Misses the Net.
12:19 of 1st period - Wrist shot by Dany Roussin.
12:19 of 1st period - Deflect By Thomas Spelling.
12:19 of 1st period - Stopped by Tyler Plante with a rebound.
12:21 of 1st period - Snap shot by Joe Labate.
12:21 of 1st period - Deflect By Thomas Spelling.
12:21 of 1st period - Stopped by Tyler Plante with a rebound.
12:23 of 1st period - Wrist shot by Dany Roussin.
12:23 of 1st period - Stopped by Tyler Plante with a rebound.
12:25 of 1st period - Snap shot by Joe Labate.
12:25 of 1st period - Deflect By Thomas Spelling.
12:25 of 1st period - Stopped by Tyler Plante without a rebound.
12:26 of 1st period - Trevor Lewis wins face-off versus Max Reinhart in Remparts zone.
12:33 of 1st period - Jared Staal is hit by Guillaume Desbiens and loses puck.
12:40 of 1st period - Snap shot by Trevor Lewis.
12:40 of 1st period - Deflect By Scott Parse.
12:40 of 1st period - Shot Misses the Net.
12:40 of 1st period - Puck is out of play.
12:41 of 1st period - Cédric Lalonde-McNicoll wins face-off versus Zach Stepan in Remparts zone.
12:43 of 1st period - Minor Penalty to Daniel Paille for High sticking.
12:44 of 1st period - Trevor Lewis wins face-off versus Max Reinhart in Remparts zone.
12:56 of 1st period - Snap shot by Trevor Lewis.
12:56 of 1st period - Goal by Trevor Lewis - Thunder : 1 - Remparts : 2.
12:57 of 1st period - Cédric Lalonde-McNicoll wins face-off versus Trevor Lewis in neutral zone.
13:06 of 1st period - Slapshot by Daniel Paille.
13:06 of 1st period - Shot Blocked by Joey Ryan.
13:08 of 1st period - Slapshot by Ryan Strome.
13:08 of 1st period - Stopped by Devan Dubnyk with a rebound.
13:10 of 1st period - Slapshot by Brandon Gormley.
13:10 of 1st period - Shot Blocked by Joey Ryan.
13:12 of 1st period - Wrist shot by Ryan Strome.
13:12 of 1st period - Shot Misses the Net.
13:31 of 1st period - Joey Ryan is hit by Griffin Reinhart and loses puck.
13:49 of 1st period - Wrist shot by Thomas Spelling.
13:49 of 1st period - Shot Misses the Net.
14:17 of 1st period - Snap shot by Nail Yakupov.
14:17 of 1st period - Deflect By Brandon Mashinter.
14:17 of 1st period - Shot Misses the Net.
14:17 of 1st period - Puck is out of play.
14:18 of 1st period - Cédric Lalonde-McNicoll wins face-off versus Trevor Lewis in Thunder zone.
14:33 of 1st period - Slapshot by Ryan Strome.
14:33 of 1st period - Stopped by Devan Dubnyk with a rebound.
14:51 of 1st period - Snap shot by Guillaume Desbiens.
14:51 of 1st period - Stopped by Devan Dubnyk without a rebound.
14:52 of 1st period - Scott Parse wins face-off versus Max Reinhart in Thunder zone.
14:59 of 1st period - Snap shot by Dany Roussin.
14:59 of 1st period - Shot Misses the Net.
15:17 of 1st period - Adam Clendening is hit by Daniel Paille and loses puck.
16:18 of 1st period - Joey Ryan is hit by Max Reinhart and loses puck.
17:15 of 1st period - Wrist shot by Chris Mueller.
17:15 of 1st period - Stopped by Devan Dubnyk with a rebound.
17:27 of 1st period - Snap shot by Guillaume Desbiens.
17:27 of 1st period - Shot Misses the Net.
18:01 of 1st period - Jamie McGinn is hit by Michal Jordan.
18:11 of 1st period - Scott Parse is hit by Cédric Lalonde-McNicoll and loses puck.
19:09 of 1st period - Off-side.
19:10 of 1st period - Zach Stepan wins face-off versus Brandon Mashinter in neutral zone.
19:31 of 1st period - Trevor Lewis is hit by Cédric Lalonde-McNicoll and loses puck.
Goals for this period are 1 for Thunder vs 2 for Remparts.
Shots for this period are 15 for Thunder vs 12 for Remparts.
2nd period
0:01 of 2nd period - Trevor Lewis wins face-off versus Max Reinhart in neutral zone.
0:14 of 2nd period - Snap shot by Pontus Aberg.
0:14 of 2nd period - Stopped by Devan Dubnyk with a rebound.
0:16 of 2nd period - Wrist shot by Pontus Aberg.
0:16 of 2nd period - Shot Misses the Net.
0:22 of 2nd period - Minor Penalty to Jake Muzzin for Hooking.
0:23 of 2nd period - Scott Parse wins face-off versus Max Reinhart in Thunder zone.
0:36 of 2nd period - Snap shot by Dany Roussin.
0:36 of 2nd period - Shot Misses the Net.
0:38 of 2nd period - Slapshot by Joey Ryan.
0:38 of 2nd period - Stopped by Tyler Plante with a rebound.
0:59 of 2nd period - Snap shot by Daniel Paille.
0:59 of 2nd period - Stopped by Devan Dubnyk without a rebound.
1:00 of 2nd period - Scott Parse wins face-off versus Max Reinhart in Thunder zone.
2:22 of 2nd period - Penalty to Jake Muzzin is over, Jake Muzzin is back on ice.
2:34 of 2nd period - Slapshot by Joey Ryan.
2:34 of 2nd period - Shot Misses the Net.
2:36 of 2nd period - Slapshot by Joey Ryan.
2:36 of 2nd period - Deflect By Joe Labate.
2:36 of 2nd period - Stopped by Tyler Plante with a rebound.
2:46 of 2nd period - Brandon Mashinter is hit by Jake Muzzin.
2:56 of 2nd period - Niklas Hansson is hit by Jared Staal and loses puck.
3:48 of 2nd period - Zach Stepan is hit by Pontus Aberg and loses puck.
3:59 of 2nd period - Snap shot by Justin Williams.
3:59 of 2nd period - Shot Misses the Net.
4:11 of 2nd period - Scott Parse is hit by Cédric Lalonde-McNicoll and loses puck.
4:21 of 2nd period - Icing by Brandon Gormley.
4:22 of 2nd period - Nikolay Prokhorkin wins face-off versus Brandon Mashinter in Remparts zone.
4:23 of 2nd period - Slapshot by Dany Roussin.
4:23 of 2nd period - Shot Blocked by Brandon Gormley.
4:34 of 2nd period - Snap shot by Nail Yakupov.
4:34 of 2nd period - Goal by Nail Yakupov - Thunder : 1 - Remparts : 3.
4:35 of 2nd period - Trevor Lewis wins face-off versus Max Reinhart in neutral zone.
4:40 of 2nd period - Joey Ryan is hit by Guillaume Desbiens and loses puck.
5:14 of 2nd period - Brandon Gormley is hit by Jake Muzzin.
5:46 of 2nd period - Slapshot by Dany Roussin.
5:46 of 2nd period - Shot Misses the Net.
5:48 of 2nd period - Slapshot by Adam Clendening.
5:48 of 2nd period - Stopped by Tyler Plante with a rebound.
6:14 of 2nd period - Snap shot by Max Reinhart.
6:14 of 2nd period - Stopped by Devan Dubnyk with a rebound.
6:28 of 2nd period - Snap shot by Cédric Lalonde-McNicoll.
6:28 of 2nd period - Stopped by Devan Dubnyk with a rebound.
6:30 of 2nd period - Slapshot by Niklas Hansson.
6:30 of 2nd period - Stopped by Devan Dubnyk with a rebound.
6:32 of 2nd period - Snap shot by Ryan Strome.
6:32 of 2nd period - Goal by Ryan Strome - Thunder : 1 - Remparts : 4.
6:32 of 2nd period - Niklas Treutle enters game.
6:33 of 2nd period - Joe Labate wins face-off versus Guillaume Desbiens in neutral zone.
6:48 of 2nd period - Max Reinhart is hit by Thomas Spelling and loses puck.
6:59 of 2nd period - Trevor Lewis is hit by Daniel Paille and loses puck.
7:28 of 2nd period - Icing by Austin Wuthrich.
7:29 of 2nd period - Max Reinhart wins face-off versus Zach Stepan in Thunder zone.
7:56 of 2nd period - Backhand shot by Scott Parse.
7:56 of 2nd period - Stopped by Tyler Plante without a rebound.
7:57 of 2nd period - Cédric Lalonde-McNicoll wins face-off versus Trevor Lewis in Remparts zone.
8:13 of 2nd period - Snap shot by Trevor Lewis.
8:13 of 2nd period - Stopped by Tyler Plante without a rebound.
8:14 of 2nd period - Joe Labate wins face-off versus Max Reinhart in Remparts zone.
8:15 of 2nd period - Wrist shot by Dany Roussin.
8:15 of 2nd period - Deflect By Thomas Spelling.
8:15 of 2nd period - Shot Misses the Net.
8:15 of 2nd period - Puck is out of play.
8:16 of 2nd period - Joe Labate wins face-off versus Max Reinhart in Remparts zone.
8:48 of 2nd period - Snap shot by Cédric Lalonde-McNicoll.
8:48 of 2nd period - Stopped by Niklas Treutle with a rebound.
8:50 of 2nd period - Slapshot by Brandon Gormley.
8:50 of 2nd period - Shot Misses the Net.
9:08 of 2nd period - Slapshot by Peter Andersson.
9:08 of 2nd period - Stopped by Tyler Plante with a rebound.
9:10 of 2nd period - Wrist shot by David Wolf.
9:10 of 2nd period - Stopped by Tyler Plante with a rebound.
10:11 of 2nd period - Icing by Joe Labate.
10:12 of 2nd period - Joe Labate wins face-off versus Chris Mueller in Thunder zone.
10:12 of 2nd period - Joe Labate is hit by Erik Gustafsson.
10:40 of 2nd period - Wrist shot by Guillaume Desbiens.
10:40 of 2nd period - Shot Misses the Net.
11:42 of 2nd period - Scott Parse is hit by Chris Mueller and loses puck.
12:25 of 2nd period - Roberts Lipsbergs is hit by Austin Wuthrich and loses puck.
13:35 of 2nd period - Icing by Jared Staal.
13:36 of 2nd period - Trevor Lewis wins face-off versus Max Reinhart in Thunder zone.
14:30 of 2nd period - Erik Gustafsson is hit by Trevor Lewis.
14:40 of 2nd period - Snap shot by Griffin Reinhart.
14:40 of 2nd period - Shot Blocked by Austin Wuthrich.
14:46 of 2nd period - Mikko Vainonen is hit by Michal Jordan and loses puck.
15:05 of 2nd period - Slapshot by Michal Jordan.
15:05 of 2nd period - Goal by Michal Jordan - Thunder : 1 - Remparts : 5.
15:06 of 2nd period - Max Reinhart wins face-off versus Trevor Lewis in neutral zone.
15:10 of 2nd period - Minor Penalty to Jake Muzzin for High sticking.
15:11 of 2nd period - Scott Parse wins face-off versus Max Reinhart in Thunder zone.
15:20 of 2nd period - Pontus Aberg is hit by Scott Parse.
15:46 of 2nd period - Snap shot by Cédric Lalonde-McNicoll.
15:46 of 2nd period - Stopped by Niklas Treutle without a rebound.
15:47 of 2nd period - Trevor Lewis wins face-off versus Max Reinhart in Thunder zone.
16:43 of 2nd period - Dany Roussin is hit by Guillaume Desbiens and loses puck.
17:10 of 2nd period - Penalty to Jake Muzzin is over, Jake Muzzin is back on ice.
17:27 of 2nd period - Viktor Baldayev is hit by Peter Andersson and loses puck.
17:41 of 2nd period - Icing by Peter Andersson.
17:42 of 2nd period - Chris Mueller wins face-off versus Zach Stepan in Thunder zone.
17:43 of 2nd period - Slapshot by Justin Williams.
17:43 of 2nd period - Stopped by Niklas Treutle without a rebound.
17:44 of 2nd period - Chris Mueller wins face-off versus Zach Stepan in Thunder zone.
17:51 of 2nd period - Snap shot by Justin Williams.
17:51 of 2nd period - Goal by Justin Williams - Thunder : 1 - Remparts : 6.
17:52 of 2nd period - Max Reinhart wins face-off versus Trevor Lewis in neutral zone.
18:07 of 2nd period - Wrist shot by Max Reinhart.
18:07 of 2nd period - Shot Blocked by Jake Muzzin.
18:19 of 2nd period - Brandon Gormley is hit by Dany Roussin and loses puck.
18:58 of 2nd period - Slapshot by Brandon Gormley.
18:58 of 2nd period - Shot Misses the Net.
19:00 of 2nd period - Backhand shot by Erik Gustafsson.
19:00 of 2nd period - Shot Blocked by Duncan Siemens.
19:02 of 2nd period - Slapshot by Erik Gustafsson.
19:02 of 2nd period - Shot Blocked by Duncan Siemens.
19:04 of 2nd period - Snap shot by Brandon Gormley.
19:04 of 2nd period - Stopped by Niklas Treutle with a rebound.
19:06 of 2nd period - Slapshot by Brandon Gormley.
19:06 of 2nd period - Stopped by Niklas Treutle without a rebound.
19:07 of 2nd period - Max Reinhart wins face-off versus Joe Labate in Thunder zone.
19:08 of 2nd period - Slapshot by Guillaume Desbiens.
19:08 of 2nd period - Shot Misses the Net.
19:31 of 2nd period - Minor Penalty to Roberts Lipsbergs for Tripping.
19:32 of 2nd period - Max Reinhart wins face-off versus Trevor Lewis in Remparts zone.
19:32 of 2nd period - Max Reinhart is hit by Trevor Lewis.
19:41 of 2nd period - Wrist shot by Scott Parse.
19:41 of 2nd period - Shot Blocked by Brandon Gormley.
19:43 of 2nd period - Snap shot by Jared Staal.
19:43 of 2nd period - Shot Misses the Net.
19:45 of 2nd period - Wrist shot by Scott Parse.
19:45 of 2nd period - Shot Blocked by Daniel Paille.
Goals for this period are 0 for Thunder vs 4 for Remparts.
Shots for this period are 7 for Thunder vs 14 for Remparts.
3rd period
0:01 of 3rd period - Max Reinhart wins face-off versus Jared Staal in neutral zone.
0:08 of 3rd period - Snap shot by Scott Parse.
0:08 of 3rd period - Shot Misses the Net.
0:10 of 3rd period - Snap shot by Jared Staal.
0:10 of 3rd period - Stopped by Tyler Plante with a rebound.
0:16 of 3rd period - Snap shot by Scott Parse.
0:16 of 3rd period - Shot Blocked by Brandon Gormley.
0:32 of 3rd period - Snap shot by Thomas Spelling.
0:32 of 3rd period - Stopped by Tyler Plante without a rebound.
0:33 of 3rd period - Max Reinhart wins face-off versus Joe Labate in Remparts zone.
1:31 of 3rd period - Penalty to Roberts Lipsbergs is over, Roberts Lipsbergs is back on ice.
1:31 of 3rd period - Wrist shot by Dany Roussin.
1:31 of 3rd period - Shot Misses the Net.
1:37 of 3rd period - Ryan Strome is hit by Adam Clendening and loses puck.
1:44 of 3rd period - Wrist shot by Joe Labate.
1:44 of 3rd period - Stopped by Tyler Plante with a rebound.
2:00 of 3rd period - Wrist shot by Cédric Lalonde-McNicoll.
2:00 of 3rd period - Deflect By Ryan Strome.
2:00 of 3rd period - Goal by Ryan Strome - Thunder : 1 - Remparts : 7.
2:01 of 3rd period - Max Reinhart wins face-off versus Trevor Lewis in neutral zone.
2:26 of 3rd period - Joey Ryan is hit by Brandon Mashinter and loses puck.
2:50 of 3rd period - Icing by Michal Jordan.
2:51 of 3rd period - Zach Stepan wins face-off versus Chris Mueller in Remparts zone.
3:00 of 3rd period - Trevor Lewis is hit by Juuso Ikonen.
3:12 of 3rd period - Snap shot by Justin Williams.
3:12 of 3rd period - Shot Blocked by Scott Parse.
3:14 of 3rd period - Snap shot by Justin Williams.
3:14 of 3rd period - Goal by Justin Williams - Thunder : 1 - Remparts : 8.
3:14 of 3rd period - Devan Dubnyk enters game.
3:15 of 3rd period - Trevor Lewis wins face-off versus Max Reinhart in neutral zone.
3:24 of 3rd period - Snap shot by Trevor Lewis.
3:24 of 3rd period - Shot Misses the Net.
4:05 of 3rd period - Snap shot by David Wolf.
4:05 of 3rd period - Stopped by Tyler Plante with a rebound.
4:10 of 3rd period - Minor Penalty to Michal Jordan for Tripping.
4:11 of 3rd period - Trevor Lewis wins face-off versus Max Reinhart in Remparts zone.
4:17 of 3rd period - Snap shot by Trevor Lewis.
4:17 of 3rd period - Goal by Trevor Lewis - Thunder : 2 - Remparts : 8.
4:18 of 3rd period - Max Reinhart wins face-off versus Trevor Lewis in neutral zone.
4:43 of 3rd period - Erik Gustafsson is hit by Dany Roussin and loses puck.
4:52 of 3rd period - Wrist shot by Ryan Strome.
4:52 of 3rd period - Deflect By Daniel Paille.
4:52 of 3rd period - Stopped by Devan Dubnyk with a rebound.
5:29 of 3rd period - Snap shot by Brandon Gormley.
5:29 of 3rd period - Stopped by Devan Dubnyk with a rebound.
6:12 of 3rd period - Off-side.
6:13 of 3rd period - Trevor Lewis wins face-off versus Max Reinhart in neutral zone.
6:16 of 3rd period - Max Reinhart is hit by Scott Parse and loses puck.
6:23 of 3rd period - Snap shot by Trevor Lewis.
6:23 of 3rd period - Deflect By Scott Parse.
6:23 of 3rd period - Shot Misses the Net.
6:23 of 3rd period - Puck is out of play.
6:24 of 3rd period - Trevor Lewis wins face-off versus Max Reinhart in Remparts zone.
6:35 of 3rd period - Snap shot by Joey Ryan.
6:35 of 3rd period - Stopped by Tyler Plante without a rebound.
6:36 of 3rd period - Max Reinhart wins face-off versus Trevor Lewis in Remparts zone.
6:51 of 3rd period - Wrist shot by Max Reinhart.
6:51 of 3rd period - Shot Blocked by Joey Ryan.
7:05 of 3rd period - Snap shot by Cédric Lalonde-McNicoll.
7:05 of 3rd period - Stopped by Devan Dubnyk with a rebound.
7:25 of 3rd period - Snap shot by Brandon Mashinter.
7:25 of 3rd period - Shot Misses the Net.
7:27 of 3rd period - Slapshot by Erik Gustafsson.
7:27 of 3rd period - Shot Misses the Net.
7:29 of 3rd period - Snap shot by Nail Yakupov.
7:29 of 3rd period - Stopped by Devan Dubnyk without a rebound.
7:30 of 3rd period - Max Reinhart wins face-off versus Trevor Lewis in Thunder zone.
9:33 of 3rd period - Cédric Lalonde-McNicoll is hit by Peter Andersson and loses puck.
10:42 of 3rd period - Slapshot by Michal Jordan.
10:42 of 3rd period - Stopped by Devan Dubnyk with a rebound.
11:00 of 3rd period - Austin Wuthrich is hit by Guillaume Desbiens and loses puck.
11:11 of 3rd period - Pontus Aberg is hit by David Wolf and loses puck.
11:22 of 3rd period - Snap shot by Max Reinhart.
11:22 of 3rd period - Shot Misses the Net.
11:24 of 3rd period - Slapshot by Michal Jordan.
11:24 of 3rd period - Stopped by Devan Dubnyk without a rebound.
11:25 of 3rd period - Cédric Lalonde-McNicoll wins face-off versus Trevor Lewis in Thunder zone.
11:58 of 3rd period - Snap shot by Griffin Reinhart.
11:58 of 3rd period - Stopped by Devan Dubnyk with a rebound.
12:24 of 3rd period - Adam Clendening is hit by Chris Mueller and loses puck.
13:27 of 3rd period - Adam Clendening is hit by Nail Yakupov and loses puck.
14:10 of 3rd period - Duncan Siemens is hit by Chris Mueller and loses puck.
14:49 of 3rd period - Jared Staal is hit by Brandon Mashinter and loses puck.
15:30 of 3rd period - Slapshot by Juuso Ikonen.
15:30 of 3rd period - Stopped by Devan Dubnyk without a rebound.
15:31 of 3rd period - Trevor Lewis wins face-off versus Chris Mueller in Thunder zone.
15:39 of 3rd period - Off-side.
15:40 of 3rd period - Max Reinhart wins face-off versus Zach Stepan in neutral zone.
16:48 of 3rd period - Snap shot by Joey Ryan.
16:48 of 3rd period - Deflect By Zach Stepan.
16:48 of 3rd period - Shot Misses the Net.
16:48 of 3rd period - Puck is out of play.
16:49 of 3rd period - Max Reinhart wins face-off versus Zach Stepan in Remparts zone.
16:53 of 3rd period - Off-side.
16:54 of 3rd period - Max Reinhart wins face-off versus Scott Parse in neutral zone.
17:30 of 3rd period - Minor Penalty to Niklas Hansson for Holding.
17:31 of 3rd period - Max Reinhart wins face-off versus Trevor Lewis in Remparts zone.
18:33 of 3rd period - Michal Jordan is hit by Joe Labate and loses puck.
19:01 of 3rd period - Icing by Joey Ryan.
19:02 of 3rd period - Joe Labate wins face-off versus Brandon Mashinter in Thunder zone.
19:30 of 3rd period - Penalty to Niklas Hansson is over, Niklas Hansson is back on ice.
19:37 of 3rd period - Wrist shot by David Wolf.
19:37 of 3rd period - Stopped by Tyler Plante without a rebound.
19:38 of 3rd period - Zach Stepan wins face-off versus Brandon Mashinter in Remparts zone.
19:51 of 3rd period - Snap shot by David Wolf.
19:51 of 3rd period - Shot Misses the Net.
19:53 of 3rd period - Snap shot by Mikko Vainonen.
19:53 of 3rd period - Deflect By Brandon Gormley.
19:53 of 3rd period - Stopped by Tyler Plante without a rebound.
19:54 of 3rd period - Max Reinhart wins face-off versus Trevor Lewis in Remparts zone.
Goals for this period are 1 for Thunder vs 2 for Remparts.
Shots for this period are 8 for Thunder vs 10 for Remparts.
Back to the Top